 Dungeon Crawl Stone Soup version 0.27-a0-25-g087482e4d5 (webtiles) character file.

Game seed: 8625737556863353349

104 PentaManta the Chopper (level 4, 0/58 HPs)
             Began as a Minotaur Berserker on Jan 3, 2021.
             Was a Believer of Trog.
             Slain by Sigmund
             ... wielding a +0 scythe
              (10 damage)
             ... on level 2 of the Dungeon.
             The game lasted 00:03:02 (1802 turns).

PentaManta the Chopper (Minotaur Berserker)         Turns: 1802, Time: 00:03:03

Health: 0/58       AC:  6    Str: 22    XL:     4   Next: 52%
Magic:  3/3        EV: 10    Int:  4    God:    Trog [**....]
Gold:   40         SH:  0    Dex: 10    Spells: 3/3 levels left

rFire    . . .     SeeInvis .   a - +0 hand axe
rCold    . . .     Faith    .   (no shield)
rNeg     . . .     Spirit   .   f - +0 scale mail
rPois    .         Reflect  .   (helmet restricted)
rElec    .         Harm     .   (no cloak)
rCorr    .         Rampage  .   (no gloves)
Will     .....                  (no boots)
Stlth    ..........             l - amulet of magic regeneration
HPRegen  0.19/turn              (no ring)
MPRegen  0.33/turn              (no ring)

@: brilliant, berserking, attractive, flying, very quick
A: retaliatory headbutt, horns 2
a: Renounce Religion, Berserk, Trog's Hand


You were on level 2 of the Dungeon.
You worshipped Trog.
Trog was pleased with you.
You visited 1 branch of the dungeon, and saw 2 of its levels.

You collected 40 gold pieces.

Inventory:

Hand Weapons
 a - a +0 hand axe (weapon)
Missiles
 d - 124 stones
 g - 14 poisoned darts
 h - 53 sling bullets
 i - 25 bolts
Armour
 b - a +0 animal skin
 f - a +0 scale mail (worn)
Jewellery
 l - an amulet of magic regeneration (around neck)
 u - an uncursed ring of fire {unknown}
Scrolls
 c - a scroll of amnesia {unknown}
 e - a scroll of blinking {unknown}
 j - a scroll of magic mapping {unknown}
 k - a scroll of remove curse {unknown}
 n - a scroll of fog {unknown}
 p - a scroll of teleportation {unknown}
 q - a scroll of immolation {unknown}
 r - a scroll of enchant weapon {unknown}
 s - a scroll of noise {unknown}


   Skills:
 - Level 3.6 Fighting
 + Level 6.5 Axes
 - Level 2.4 Armour
 - Level 2.1 Dodging


You had 3 spell levels left.
You didn't know any spells.
Your spell library was empty.

Dungeon Overview and Level Annotations

Branches:
Dungeon (2/15)

Altars:

Annotations:
D:2 Sigmund


Innate Abilities, Weirdness & Mutations

You reflexively headbutt those who attack you in melee.
You have a pair of horns on your head.


Message History

You hear some strange, mumbled words.
A magic dart appears from out of thin air!
The magic dart hits you.
* * * LOW HITPOINT WARNING * * *
You slash Natasha!
You feel the power of Trog in you as your rage grows.
You kill Natasha!
Trog accepts your kill.
Trog appreciates your killing of a magic user.
Natasha screams in pain as she dies!
The crimson imp disappears in a puff of smoke!
You closely miss something. You closely miss something. Something hits you.
* * * LOW HITPOINT WARNING * * *
You slash something! Your headbutt misses something. You barely miss something.
You headbutt something! Something hits you.
* * * LOW HITPOINT WARNING * * *
You miss something. You closely miss something. Something hits you!
You die...

#.#.##.# #.#.##.#
#+# #.#.##.# #.#
#...##.# #.#
#.####.#
########.##
#.####.#
#.........##
#......#
#....{...#
#.######
.....#@..## #.#
.#...#..########.#
#..............#
####.###########
#.# ..# ####


There were no monsters in sight!

Vanquished Creatures
  Natasha (D:2)
  An adder (D:2)
  A gnoll (D:1)
  An ooze (D:1)
  A worm (D:2)
  2 dart slugs (D:1)
  2 leopard geckos (D:2)
  2 bats (D:1)
  5 giant cockroaches
  5 goblins
  6 hobgoblins
  5 jackals (D:1)
  2 frilled lizards
  3 kobolds
  7 rats
44 creatures vanquished.

Notes
Turn   | Place    | Note
-------+----------+-------------------------------------------
     0 | D:1      | PentaManta the Minotaur Berserker began the quest for the
                  | Orb.
     0 | D:1      | Reached XP level 1. HP: 19/19 MP: 0/0
    65 | D:1      | Reached skill level 4 in Axes
   141 | D:1      | Reached XP level 2. HP: 26/26 MP: 1/1
   483 | D:1      | Reached skill level 5 in Axes
   560 | D:1      | Reached XP level 3. HP: 26/31 MP: 2/2
   684 | D:1      | Reached ** piety under Trog
  1474 | D:2      | Reached skill level 6 in Axes
  1474 | D:2      | Reached XP level 4. HP: 36/39 MP: 3/3
  1785 | D:2      | Noticed Sigmund
  1788 | D:2      | Noticed Natasha
  1797 | D:2      | Killed Natasha
  1802 | D:2      | Slain by Sigmund

Illustrated notes

Levels and vault maps discovered:
D:1:      wheals_arrival_shading, layout_loops_ring
D:2:      minmay_angry_zag, layout_loops_corners, uniq_sigmund,
          uniq_crazy_yiuf_cottage, uniq_natasha

Skill      XL: |  1  2  3 |
---------------+----------+-----
Axes           | 4 5 6 |  6.5
Fighting       | |  3.6
Armour         | |  2.4
Dodging        | |  2.1

Action                   |  1- 3 |  4- 6 || total
-------------------------+-------+-------++-------
Melee: Hand axe          |    85 |    10 ||    95
       Headbutt          |    12 |     1 ||    13
Invok: Berserk           |       |     1 ||     1
  Use: Potion            |       |     3 ||     3
Armor: Scale mail        |    31 |     2 ||    33
Dodge: Dodged            |    48 |     6 ||    54

Table legend: (Time is in decaauts)
 A = Elapsed time spent in this place.
 B = Non-inter-level travel time spent in this place.
 C = Inter-level travel time spent in this place.
 D = Time resting spent in this place.
 E = Time spent auto-exploring this place.
 F = Levels seen in this place.
 G = Mean time per level.
                   A        B        C        D        E       F      G
               +--------+--------+--------+--------+--------+-----+--------+
         Total |   1804 |   1789 |     15 |      0 |   1517 |   2 |  902.0 |
       Dungeon |   1804 |   1789 |     15 |      0 |   1517 |   2 |  902.0 |
               +--------+--------+--------+--------+--------+-----+--------+

Top non-repeatable levels by time:
     D:1: 933 daAuts
     D:2: 870 daAuts
